 Dungeon Crawl Stone Soup version 0.30-a0-1085-g990a428a5c (webtiles) character file.

Game seed: 10751244962387821030

121 NateTC the Ducker (level 5, -3/37 HPs)
             Began as an Octopode Fighter on Apr 17, 2023.
             Frozen to death by an endoplasm (4 damage)
             ... on level 4 of the Dungeon.
             The game lasted 00:03:25 (1823 turns).

NateTC the Ducker (Octopode Fighter)                Turns: 1823, Time: 00:03:26

Health: -3/37      AC:  1    Str: 16    XL:     5   Next: 5%
Magic:  5/5        EV: 14    Int: 10    God:
Gold:   89         SH:  5    Dex: 13    Spells: 4/4 levels left

rFire   . . .      SeeInvis .    a - +0 flail
rCold   . . .      Faith    .    b - +0 buckler
rNeg    . . .      Spirit   .    (helmet restricted)
rPois   .          Reflect  .    (no amulet)
rElec   .          Rampage  .    (no ring)
rCorr   .                        (no ring)
Will    .....                    (no ring)
Stlth   ++                       (no ring)
HPRegen 0.26/turn                (no ring)
MPRegen 0.09/turn                (no ring)
                                 (no ring)
                                 (no ring)

@: mighty
A: almost no armour, amphibious, 8 rings, camouflage 1, gelatinous body 1,
(nimble swimmer 1), tentacles
a: no special abilities


You were on level 4 of the Dungeon.
You visited 1 branch of the dungeon, and saw 4 of its levels.

You collected 89 gold pieces.

Inventory:

Hand Weapons
 a - a +0 flail (weapon)
Missiles
 d - a throwing net (quivered)
Armour
 b - a +0 buckler (worn)
Wands
 j - a wand of paralysis (11)
Scrolls
 e - a scroll of brand weapon {unknown}
 f - 2 scrolls of teleportation
Potions
 g - 3 potions of invisibility
 h - 3 potions of resistance
 i - 2 potions of curing {unknown}


   Skills:
 + Level 3.7 Fighting
 + Level 2.9 Maces & Flails
 * Level 4.1 Dodging
 + Level 3.6 Shields


You had 4 spell levels left.
You didn't know any spells.
Your spell library contained the following spells:

 Spells                   Type           Power      Damage    Failure   Level
 Magic Dart               Conj           0%         1d3       45%         1
 Searing Ray              Conj           0%         2d4       58%         2
 Ozocubu's Armour         Ice            0%         N/A       83%         3
 Portal Projectile        Hex/Tloc       0%         N/A       83%         3
 Tukima's Dance           Hex            0%         N/A       83%         3
 Fulminant Prism          Conj/Hex       0%         3d5       99%         4
 Blade Hands              Tmut           0%         N/A       100%        5
 Metabolic Englaciation   Hex/Ice        0%         N/A       100%        5
 Simulacrum               Ice/Necr       0%         N/A       100%        6


Dungeon Overview and Level Annotations

Branches:
Dungeon (3/15) Zot: 22149

Altars:


Innate Abilities, Weirdness & Mutations

You cannot wear most types of armour.
You are amphibious.
You can wear up to eight rings at the same time.
Your skin changes colour to match your surroundings (Stealth+).
Your rubbery body absorbs attacks. (AC +1, EV +1)
((You are camouflaged when in or above water. (Stealth+)))
You have tentacles for arms and can constrict up to eight enemies at once.


Message History

You constrict the adder.
You feel sick. The adder bites you.
You are more poisoned.
The adder poisons you! You block the adder's attack.
An endoplasm comes into view.
The adder barely misses you.
You release your grip on the adder.
The adder attacks as you move away! The adder closely misses you.
You feel sick. The adder bites you.
You are more poisoned.
The adder poisons you! You block the adder's attack.
You feel very sick. The adder misses you.
You are too injured to fight recklessly!
You feel sick.
You are too injured to fight recklessly!
You are too injured to fight recklessly!
You are too injured to fight recklessly!
You are too injured to fight recklessly!
You sock the adder!
You kill the adder!
You feel sick.
You sock the adder!
You kill the adder!
You feel sick. The endoplasm hits you.
* * * LOW HITPOINT WARNING * * *
You have reached level 5!
You feel stronger.
You feel very mighty all of a sudden.
You feel sick. The endoplasm freezes you.
You are frozen.
* * * LOW HITPOINT WARNING * * *
You barely miss the endoplasm.
You feel sick. The endoplasm hits you.
* * * LOW HITPOINT WARNING * * *
You barely miss the endoplasm.
* * * LOW HITPOINT WARNING * * *
You feel sick.
You are no longer poisoned.
The endoplasm freezes you.
You are frozen.
You die...

#.#..+.'..#.#
#.#..#.#..#.# #.#
#+#.##'#.##'#.##+#.#
...................#
#+#.##+#.##'#.##+#.#
#.# #.#..#.#..#.#
+.+ #.#..+.'..#.#
#.# #.####.####.#
... ..........@J.#
### ############.#
#.)# #J## ... #J#.
...#. ... .. .... .#


You could see an endoplasm.

Vanquished Creatures
  3 gnolls
  5 adders
  4 ball pythons
  5 endoplasms
  A giant cockroach (D:1)
  4 goblins
  4 hobgoblins
  5 kobolds
  4 quokkas
  5 bats
  A frilled lizard (D:2)
  5 rats
46 creatures vanquished.

Notes
Turn   | Place    | Note
-------+----------+-------------------------------------------
     0 | D:1      | NateTC the Octopode Fighter began the quest for the Orb.
     0 | D:1      | Reached XP level 1. HP: 16/16 MP: 1/1
   365 | D:1      | Reached XP level 2. HP: 21/21 MP: 2/2
   736 | D:2      | Reached XP level 3. HP: 26/26 MP: 3/3
  1010 | D:2      | Reached XP level 4. HP: 21/31 MP: 4/4
  1761 | D:3      | You fall into a shaft and drop 1 floor!
  1775 | D:4      | Reached skill level 4 in Dodging
  1821 | D:4      | Reached XP level 5. HP: 7/37 MP: 5/5
  1823 | D:4      | HP: 1/37 [poisoned by an adder]
  1823 | D:4      | Frozen to death by an endoplasm

Illustrated notes

Levels and vault maps discovered:
D:1:      dpeg_cavernosity, layout_basic
D:2:      layout_loops_cross, minivault_11, minmay_misc_feat_hallway
D:3:      layout_loops_ring, kennysheep_generic_room_11
D:4:      minmay_door_path, layout_loops_cross, minmay_temple_entry_butterflies,
          ebering_ghost_rock_garden

Skill      XL: |  1  2  3  4 |
---------------+-------------+-----
Dodging        | 4 |  4.1
Fighting       | |  3.7
Maces & Flails | |  2.9
Shields        | |  3.6

Action                     |  1- 3 |  4- 6 || total
---------------------------+-------+-------++-------
  Melee: Flail             |    51 |    30 ||    81
         Constrict         |    14 |     6 ||    20
         Punch             |     1 |       ||     1
         Tentacles         |     8 |     3 ||    11
    Use: Scroll            |     5 |       ||     5
         Potion            |       |     1 ||     1
   Stab: Sleeping          |     7 |     3 ||    10
 Armour: Skin              |     2 |     1 ||     3
  Dodge: Dodged            |    51 |    20 ||    71
  Block: Buckler           |    10 |     9 ||    19

Table legend: (Time is in decaauts)
 A = Elapsed time spent in this place.
 B = Non-inter-level travel time spent in this place.
 C = Inter-level travel time spent in this place.
 D = Time resting spent in this place.
 E = Time spent auto-exploring this place.
 F = Levels seen in this place.
 G = Mean time per level.
                   A        B        C        D        E       F      G
               +--------+--------+--------+--------+--------+-----+--------+
         Total |   1848 |   1802 |     46 |     58 |   1415 |   4 |  462.0 |
       Dungeon |   1848 |   1802 |     46 |     58 |   1415 |   4 |  462.0 |
               +--------+--------+--------+--------+--------+-----+--------+

Top non-repeatable levels by time:
     D:2: 831 daAuts
     D:1: 798 daAuts
     D:3: 154 daAuts
     D:4: 65 daAuts
